 Dungeon Crawl Stone Soup version 0.31.0-11-ge490571c62 (webtiles) character file.

Game seed: 10788731786330862652

25 qw the Shooter (level 2, 0/16 HPs)
             Began as a Deep Elf Hunter on Feb 3, 2024.
             Succumbed to their own poison gas
             ... on level 1 of the Dungeon.
             The game lasted 00:00:02 (430 turns).

qw the Shooter (Deep Elf Hunter)                     Turns: 430, Time: 00:00:02

Health: 0/16       AC:  8    Str:  8    XL:     2   Next: 86%
Magic:  4/4        EV: 10    Int: 13    God:
Gold:   715        SH:  0    Dex: 18    Spells: 1/1 levels left

rFire   . . .        a - +0 shortbow (drain)
rCold   . . .        (shield currently unavailable)
rNeg    . . .        i - +0 ring mail
rPois   .            (no helmet)
rElec   .            (no cloak)
rCorr   .            (no gloves)
SInv    .            j - +2 pair of boots
Will    .....        (no amulet)
Stlth   +            (no ring)
HPRegen 0.22/turn    (no ring)
MPRegen 0.09/turn

%: no passive effects
@: lethally poisoned (0 -> -5)
A: no striking features
a: no special abilities


You were on level 1 of the Dungeon.
You visited 1 branch of the dungeon, and saw 1 of its levels.

You collected 715 gold pieces.


   Skills:
 - Level 1.5 Fighting
 + Level 6.5 Ranged Weapons
 - Level 2.4 Dodging
 - Level 1.2 Stealth


You had one spell level left.
You didn't know any spells.
Your spell library was empty.

Inventory:

Hand Weapons
 a - a +0 shortbow of draining (weapon)
Armour
 i - a +0 ring mail (worn)
 j - a +2 pair of boots (worn)
Potions
 g - a potion of might {unknown}

Dungeon Overview and Level Annotations

Branches:
Dungeon (1/15)

Altars:


Message History

Blink to where?
Press: ? - help, Dir - move target, f - you
As you read the scroll labelled AVERENA WIGASM, it crumbles to dust.
It was a scroll of blinking.
Done exploring.
422 ||| READING scroll labelled RAOTHIMOIR.
This is a scroll of acquirement!
422 ||| ACQUIRING 676 gold pieces Something appears at your feet!
You now have 715 gold pieces (gained 676).
You see here a +0 leather armour.
Done exploring.
Done exploring.
424 ||| DROPPING scroll of butterflies.
You drop a scroll of butterflies.
Done exploring.
425 ||| DROPPING potion of attraction.
You drop a potion of attraction.
Done exploring.
What level of the Dungeon? (default 1, ? - help) Sorry, I don't know how to get there.
Enter note:
Enter note:
Enter note:
Enter note:
Enter note:
Enter note:
Enter note:
Enter note:
Enter note: You are engulfed in poison gas.
You are poisoned.
You feel very sick.
427 ||| Stepping ~*~*~tactically~*~*~ (cloud).
You feel sick.
Things that are here:
a potion of attraction; a scroll of butterflies; a +0 leather armour
There is a lethal amount of poison in your body!
You feel sick.
There is a lethal amount of poison in your body!
You feel sick.
There is a lethal amount of poison in your body!
You die...

#...)##.## ##
#....##..### #
#¤##¤......# #
##¤#¤.......###
##0.¤.........##
##..#...........#
#00##.........#.#
##0###.........#.#
#@0###.........#.#
#0................
#0####.........##.
### #.........###
#.%.......# #
#.........#
##.......##
##.....## #######


There were no monsters in sight!

Vanquished Creatures
  3 ball pythons (D:1)
  4 bats (D:1)
  4 endoplasms (D:1)
  2 goblins (D:1)
  3 hobgoblins (D:1)
  A kobold (D:1)
  A quokka (D:1)
  3 frilled lizards (D:1)
21 creatures vanquished.

Notes
Turn   | Place    | Note
-------+----------+-------------------------------------------
     0 | D:1      | qw the Deep Elf Hunter began the quest for the Orb.
     0 | D:1      | Reached XP level 1. HP: 12/12 MP: 3/3
     0 | D:1      | 0 ||| qw: Version: 0.3-a-155-g5e7d8dd
     0 | D:1      | 0 ||| qw: Game counter: 3125
     0 | D:1      | 0 ||| qw: Melee chars always use a shield: true
     0 | D:1      | 0 ||| qw: God list: Okawaru
     0 | D:1      | 0 ||| qw: Allow faded altars: false
     0 | D:1      | 0 ||| qw: Do Orc after clearing Dungeon:15 true
     0 | D:1      | 0 ||| qw: Do second Lair branch before Depths: true
     0 | D:1      | 0 ||| qw: Lair rune preference: random
     0 | D:1      | 0 ||| qw: Goals: Normal
     0 | D:1      | 0 ||| PLANNING D:1-11
     2 | D:1      | Noticed a spriggan
     2 | D:1      | Noticed a minotaur
     4 | D:1      | Noticed a formicid
     4 | D:1      | Noticed a gargoyle
     6 | D:1      | Noticed a vampire
     6 | D:1      | Noticed a barachi
     8 | D:1      | Noticed a troll
     8 | D:1      | Noticed a tengu
    10 | D:1      | Noticed a demigod
    10 | D:1      | Noticed a ghoul
    12 | D:1      | Noticed a draconian
    12 | D:1      | Noticed a demonspawn
    16 | D:1      | Noticed an octopode
    16 | D:1      | Noticed an oni
    18 | D:1      | Noticed a felid
    18 | D:1      | Noticed a vine stalker
    20 | D:1      | Noticed an armataur
    20 | D:1      | Noticed a djinni
    22 | D:1      | Noticed an elf
    24 | D:1      | Noticed a merfolk
    24 | D:1      | Noticed a naga
    26 | D:1      | Noticed a human
    74 | D:1      | Reached XP level 2. HP: 16/16 MP: 4/4
    80 | D:1      | Reached skill level 6 in Ranged Weapons
   400 | D:1      | 400 ||| UPGRADING to +0 ring mail.
   410 | D:1      | 410 ||| DROPPING +0 leather armour.
   411 | D:1      | 411 ||| UPGRADING to +0 pair of boots.
   416 | D:1      | 416 ||| READING scroll labelled KAUCRO ROE.
   416 | D:1      | 416 ||| IDENTIFYING viscous clear potion
   417 | D:1      | 417 ||| READING scroll labelled COAVUE RYRIOSCH.
   417 | D:1      | 417 ||| BRANDING +0 shortbow.
   418 | D:1      | 418 ||| READING scroll labelled SIPHIU HUHABB.
   419 | D:1      | 419 ||| READING 2 scrolls labelled CAVIYD QYNEMM.
   419 | D:1      | 419 ||| ENCHANTING +0 pair of boots.
   420 | D:1      | 420 ||| READING scroll of enchant armour.
   420 | D:1      | 420 ||| ENCHANTING +1 pair of boots.
   421 | D:1      | 421 ||| READING scroll labelled AVERENA WIGASM.
   422 | D:1      | 422 ||| READING scroll labelled RAOTHIMOIR.
   422 | D:1      | Identified a scroll of acquirement
   422 | D:1      | 422 ||| ACQUIRING 676 gold pieces
   422 | D:1      | Acquired 676 gold pieces
   424 | D:1      | 424 ||| DROPPING scroll of butterflies.
   425 | D:1      | 425 ||| DROPPING potion of attraction.
   427 | D:1      | 427 ||| Stepping ~*~*~tactically~*~*~ (cloud).
   427 | D:1      | HP: 4/16 [poisoned by you (poison gas)]
   429 | D:1      | HP: 1/16 [poisoned by you (poison gas)]
   430 | D:1      | Succumbed to their own poison gas

Levels and vault maps discovered:
D:1:      kb_arrival_jail, layout_rooms

Skill      XL: |  1  2 |
---------------+-------+-----
Ranged Weapons | 6 |  6.5
Fighting       | |  1.5
Dodging        | |  2.4
Stealth        | |  1.2

Action                     || total
---------------------------++-------
   Fire: Shortbow          ||    39
    Use: Scroll            ||     7
 Armour: Leather armour    ||     4
  Dodge: Dodged            ||     6

Table legend:
 A = Non-vault XP
 B = Vault XP
 C = Vault XP percentage of total XP
 D = Non-vault monster count
 E = Vault monster count
 F = Vault count percentage of total count
                 A         B        C        D         E       F
            +---------+---------+-------+---------+---------+-------
      Total |      37 |       0 |   0.0 |      21 |       0 |   0.0
            +---------+---------+-------+---------+---------+-------
        D:1 |      37 |       0 |   0.0 |      21 |       0 |   0.0
            +---------+---------+-------+---------+---------+-------
